Map: Darkness Sanctuary LE

Players

TuXic - Winner!

  • Race: Protoss Protoss
  • League: Platinum
  • Spawn Location: 11:00

Jeje

  • Race: Zerg Zerg
  • League: Diamond
  • Spawn Location: 1:00

VOD

Have the link to the VOD?

Description

Time

  • Played on: May 28, 2018, 2:15 p.m.
  • Length: 11:01
Show
View Real Time Build Order
Export as new Build Order

TuXic Protoss - Winner!

Build Orders: Nexus First 

Get SALT Encoding   

  12  0:00  Probe  
  13  0:13  Probe  
  14  0:19  Pylon  
  14  0:24  Probe  
  15  0:33  Probe  
  15  0:41  Probe  
  17  0:53  Probe  
  18  1:05  Nexus  
  18  1:07  Probe  
  19  1:16  Gateway  
  19  1:19  Probe  
  19  1:24  Assimilator  
  20  1:27  Assimilator  
  20  1:34  Probe  
  21  1:40  Pylon  
  21  1:44  Probe  
  22  1:52  Probe  
  22  2:00  Probe  
  23  2:05  Cybernetics Core  
  23  2:07  Zealot  
  26  2:11  Probe  
  27  2:16  Probe  
  27  2:17  Pylon  
  27  2:19  Probe  
  28  2:24  Probe  
  28  2:27  Probe  
  30  2:35  Pylon  
  30  2:37  Probe  
  31  2:41  Stalker  
  31  2:43  Warp Gate  
  34  2:45  Probe  
  34  2:49  Probe  
  36  2:58  Probe  
  37  3:00  Robotics Facility  
  37  3:01  Probe  
  38  3:09  Probe  
  38  3:10  Probe  
  38  3:12  Sentry  
  41  3:16  Gateway  
  41  3:18  Probe  
  42  3:26  Probe, Pylon  
  44  3:30  Probe  
  44  3:32  Forge  
  45  3:38  Probe  
  45  3:40  Stalker  
  48  3:42  Probe  
  48  3:44  Assimilator  
  48  3:46  Immortal  
  49  3:50  Probe  
  49  3:51  Assimilator  
  49  3:54  Probe  
  55  4:04  Protoss Ground Weapons Level 1  
  55  4:05  Gateway  
  55  4:08  Gateway  
  55  4:10  Pylon  
  55  4:12  Probe x2  
  57  4:19  Pylon  
  57  4:20  Sentry  
  57  4:22  Sentry  
  61  4:24  Probe  
  61  4:27  Observer  
  63  4:32  Probe  
  64  4:40  Robotics Facility, Pylon  
  64  4:41  Pylon  
  64  4:50  Immortal  
  64  5:04  Stalker x2  
  72  5:08  Stalker  
  74  5:19  Stalker  
  76  5:28  Immortal  
  80  5:29  Immortal  
  84  5:44  Stalker x3  
  84  5:49  Protoss Ground Armor Level 1, Probe x2  
  92  5:55  Stalker  
  94  6:06  Immortal  
  98  6:16  Nexus  
  98  6:22  Pylon  
  98  6:24  Assimilator, Probe x2, Nexus  
  100  6:28  Pylon  
  100  6:32  Observer  
  100  6:36  Probe  
  100  6:37  Immortal  
  102  6:40  Probe, Pylon  
  102  6:43  Pylon  
  107  6:58  Robotics Bay  
  107  7:00  Twilight Council  
  107  7:02  Forge  
  107  7:09  Pylon  
  107  7:17  Stalker x2  
  107  7:18  Stalker  
  107  7:20  Probe  
  114  7:26  Probe  
  114  7:29  Observer  
  115  7:30  Stalker  
  115  7:32  Assimilator, Probe  
  115  7:34  Colossus  
  115  7:36  Extended Thermal Lance  
  119  7:44  Colossus  
  131  7:59  Probe x3  
  131  8:04  Probe  
  131  8:05  Assimilator  
  135  8:11  Probe x3  
  138  8:14  Stalker x2  
  138  8:16  Probe  
  143  8:21  Assimilator  
  143  8:23  Stalker, Probe  
  143  8:24  Stalker, Protoss Ground Armor Level 2, Protoss Ground Weapons Level 2  
  148  8:32  Probe  
  148  8:33  Probe x2  
  151  8:35  Probe  
  151  8:37  Blink  
  152  8:44  Probe  
  152  8:45  Probe  
  154  8:48  Colossus  
  154  8:49  Immortal  
  164  9:07  Zealot x4  
  172  9:14  Gateway  
  172  9:17  Gateway  
  172  9:18  Pylon  
  172  9:20  Pylon  
  168  9:43  Colossus x2  
  168  9:44  Stalker x2  
  168  9:45  Stalker  
  154  9:52  Stalker  
  168  10:18  Stalker x2  
  168  10:19  Stalker  
  174  10:26  Nexus  
  174  10:28  Assimilator  
  174  10:33  Assimilator  
  174  10:35  Pylon  
  154  10:37  Pylon x2  
  154  10:40  Stalker x3  
  154  10:41  Pylon  
  154  10:42  Pylon  
  164  10:47  Pylon  
Show
View Real Time Build Order
Export as new Build Order

Jeje Zerg 

Build Orders: Hatch First 

Get SALT Encoding   

  12  0:02  Drone  
  13  0:13  Overlord  
  13  0:22  Overlord  
  13  0:28  Drone  
  14  0:31  Drone  
  14  0:35  Drone  
  16  0:48  Drone  
  17  1:00  Hatchery  
  16  1:05  Drone  
  16  1:08  Extractor  
  16  1:10  Drone  
  17  1:23  Spawning Pool  
  16  1:26  Drone  
  17  1:36  Drone  
  17  1:39  Drone  
  19  1:51  Drone  
  20  2:00  Drone  
  21  2:11  Metabolic Boost  
  21  2:15  Queen x2  
  25  2:17  Drone  
  25  2:19  Drone  
  27  2:24  Drone  
  27  2:25  Drone  
  29  2:35  Drone  
  30  2:37  Zergling x2  
  31  2:50  Baneling Nest  
  30  2:59  Overlord  
  30  3:04  Drone x3  
  33  3:26  Drone  
  33  3:27  Drone x7  
  41  3:36  Queen  
  43  3:46  Hatchery, Queen  
  43  4:01  Extractor  
  42  4:07  Drone  
  42  4:09  Overlord  
  43  4:10  Overlord  
  43  4:41  Drone  
  43  4:43  Drone x2  
  46  4:51  Zergling x16  
  46  4:52  Zergling x6  
  57  4:56  Lair  
  57  5:19  Evolution Chamber, Drone x2  
  57  5:20  Evolution Chamber  
  57  5:21  Zergling x16  
  59  5:27  Overlord  
  65  5:33  Overlord x4  
  65  5:34  Overlord  
  65  5:41  Baneling  
  65  5:42  Baneling x13  
  65  5:43  Baneling x2  
  65  5:53  Zergling x2  
  65  5:54  Zergling x10  
  71  6:01  Hydralisk Den, Zerg Missile Weapons Level 1  
  70  6:06  Extractor x2  
  70  6:09  Drone  
  70  6:10  Drone x10  
  79  6:19  Drone  
  79  6:22  Zerg Ground Armor Level 1  
  79  6:24  Drone  
  81  6:27  Drone x3  
  84  6:39  Grooved Spines  
  84  6:41  Zergling x6  
  84  6:42  Zergling x16  
  95  6:52  Queen  
  97  6:54  Hatchery  
  97  7:01  Overlord x3  
  96  7:07  Spore Crawler  
  95  7:10  Spore Crawler  
  95  7:11  Spore Crawler  
  95  7:14  Drone x3  
  95  7:15  Drone x2  
  98  7:16  Drone x4  
  98  7:18  Drone x3  
  98  7:22  Extractor  
  104  7:23  Hydralisk  
  104  7:24  Extractor  
  104  7:25  Hydralisk  
  107  7:31  Baneling x8  
  107  7:34  Hydralisk  
  107  7:36  Hydralisk  
  109  7:39  Hydralisk  
  109  7:42  Drone  
  114  7:52  Drone x2  
  114  7:53  Drone  
  114  7:54  Drone x3  
  114  7:58  Drone  
  121  8:07  Hydralisk x7  
  135  8:35  Muscular Augments  
  135  8:36  Zerg Ground Armor Level 2, Zerg Missile Weapons Level 2  
  135  8:40  Overlord x4  
  135  8:53  Drone  
  136  8:58  Queen  
  136  8:59  Spine Crawler  
  136  9:01  Hatchery  
  136  9:03  Hydralisk  
  136  9:04  Hydralisk x7  
  152  9:20  Hydralisk x7  
  166  9:29  Lurker Den  
  124  9:48  Zergling x2  
  124  9:49  Hydralisk x9, Zergling x4  
  143  10:10  Hydralisk x6  
  143  10:12  Zergling x8  
  134  10:36  Hydralisk x9  
  134  10:38  Zergling x6  
Tags
 
Add a new tag
Caveats
  • Supply blocks, unpowered buildings, or Contaminate may cause inaccurate times.
  • Supply counts are checked every 10 seconds.